Map: Central Protocol

Players

Ohtar

  • Race: Protoss Protoss
  • League: Silver

Saïan

  • Race: Protoss Protoss
  • League: Silver

DaWeed

  • Race: Terran Terran

Alsaw

  • Race: Terran Terran

VOD

Have the link to the VOD?

Description

Time

  • Played on: Dec. 12, 2015, 5:59 a.m.
  • Length: 9:32
Show
View Real Time Build Order
Export as new Build Order

Ohtar Protoss 

Build Orders: 1 Gate Expand 

Get SALT Encoding   

  12  0:01  Probe (Chrono Boost)  
  13  0:12  Probe (Chrono Boost)  
  14  0:18  Pylon  
  14  0:22  Probe (Chrono Boost)  
  15  0:36  Probe (Chrono Boost)  
  15  0:41  Gateway  
  16  0:47  Probe (Chrono Boost)  
  17  0:51  Assimilator  
  17  0:57  Probe (Chrono Boost)  
  18  1:08  Probe (Chrono Boost)  
  20  1:18  Probe (Chrono Boost)  
  20  1:29  Nexus  
  20  1:30  Probe (Chrono Boost)  
  21  1:41  Probe (Chrono Boost)  
  21  1:45  Cybernetics Core  
  22  1:53  Pylon  
  22  1:56  Probe (Chrono Boost)  
  23  2:10  Pylon  
  23  2:11  Probe (Chrono Boost)  
  24  2:19  Assimilator  
  24  2:22  Probe (Chrono Boost)  
  25  2:23  Adept  
  27  2:33  Mothership Core (Chrono Boost)  
  29  2:44  Probe (Chrono Boost)  
  29  2:50  Adept  
  32  2:51  Probe (Chrono Boost)  
  32  2:55  Probe (Chrono Boost)  
  33  3:02  Probe (Chrono Boost)  
  33  3:03  Twilight Council  
  33  3:05  Probe (Chrono Boost)  
  35  3:12  Probe (Chrono Boost)  
  36  3:16  Probe (Chrono Boost)  
  36  3:19  Stalker  
  39  3:23  Probe (Chrono Boost)  
  39  3:26  Probe (Chrono Boost)  
  41  3:31  Robotics Facility  
  41  3:33  Probe (Chrono Boost)  
  42  3:37  Probe (Chrono Boost)  
  43  3:44  Probe (Chrono Boost)  
  44  3:49  Stalker  
  46  3:57  Gateway, Probe x2 (Chrono Boost)  
  46  3:58  Gateway  
  48  4:05  Assimilator  
  48  4:08  Probe (Chrono Boost)  
  48  4:09  Probe (Chrono Boost), Assimilator  
  50  4:18  Probe (Chrono Boost)  
  50  4:19  Blink, Stalker  
  53  4:24  Warp Gate  
  53  4:29  Pylon  
  53  4:31  Pylon  
  53  4:40  Probe (Chrono Boost)  
  54  4:47  Probe (Chrono Boost), Stalker  
  54  4:49  Stalker  
  54  4:50  Probe (Chrono Boost)  
  60  4:53  Immortal  
  60  4:58  Probe (Chrono Boost)  
  65  5:01  Probe (Chrono Boost)  
  66  5:07  Pylon  
  68  5:14  Probe x2 (Chrono Boost), Pylon  
  68  5:16  Stalker  
  70  5:25  Probe (Chrono Boost)  
  70  5:26  Robotics Bay  
  70  5:28  Stalker x2  
  75  5:36  Immortal  
  79  5:44  Probe x2 (Chrono Boost)  
  79  5:47  Stalker  
  83  5:55  Forge  
  83  5:56  Probe x2 (Chrono Boost)  
  79  6:06  Probe (Chrono Boost), Forge  
  79  6:07  Probe (Chrono Boost)  
  68  6:22  Observer (Chrono Boost)  
  58  7:06  Probe  
  58  7:07  Probe, Pylon  
  59  7:13  Stalker x2  
  63  7:17  Probe  
  63  7:19  Probe  
  65  7:28  Probe, Photon Cannon  
  65  7:31  Probe, Photon Cannon  
  65  7:35  Photon Cannon  
  67  7:39  Probe  
  68  7:45  Photon Cannon  
  68  7:47  Photon Cannon  
  68  7:49  Photon Cannon  
  68  7:51  Probe  
  68  7:52  Probe  
  68  7:53  Photon Cannon  
  70  8:05  Probe  
  70  8:07  Probe  
  70  8:08  Stalker  
  74  8:26  Probe  
  74  8:27  Probe  
  74  8:31  Stalker x2  
  80  8:37  Probe  
  80  8:39  Probe  
  82  8:47  Probe  
  82  8:51  Probe  
  84  8:55  Nexus  
  70  9:10  Stalker x2  
  70  9:13  Stalker  
Show
View Real Time Build Order
Export as new Build Order

Saïan Protoss 

Build Orders:  

Get SALT Encoding   

  12  0:01  SCV  
  13  0:18  Supply Depot  
  13  0:19  SCV  
  14  0:31  SCV  
  15  0:41  Barracks  
  15  0:45  SCV  
  15  0:48  Refinery  
  16  0:58  SCV  
  16  1:03  Supply Depot  
  17  1:10  SCV  
  18  1:22  SCV  
  19  1:36  SCV, Refinery  
  20  1:41  Marine  
  21  1:48  SCV  
  22  1:55  Factory  
  22  1:59  Marine  
  22  2:00  SCV  
  24  2:12  SCV  
  25  2:17  Marine  
  25  2:21  Engineering Bay  
  26  2:24  SCV  
  27  2:36  SCV  
  28  2:40  Factory Tech Lab  
  28  2:45  Starport  
  28  2:48  SCV  
  29  3:00  SCV  
  29  3:01  Missile Turret  
  29  3:04  Marine  
  31  3:27  Barracks  
  31  3:39  Cloaking Field, Supply Depot  
  31  4:00  Banshee  
  31  4:01  SCV  
  35  4:03  Command Center  
  35  4:10  Supply Depot  
  35  4:13  SCV  
  36  4:18  Barracks Reactor  
  36  4:19  Barracks Tech Lab  
  36  4:42  Terran Infantry Weapons Level 1  
  36  4:43  Banshee, Marauder  
  41  4:47  Factory Tech Lab  
  41  4:49  Orbital Command  
  41  4:53  Stimpack  
  41  4:55  Supply Depot  
  41  4:59  Refinery  
  41  5:04  Refinery  
  41  5:14  Missile Turret  
  41  5:19  Supply Depot  
  41  5:36  Orbital Command  
  41  5:37  Barracks  
  41  5:39  Marine  
  42  5:57  Marine, Supply Depot  
  42  5:59  SCV  
  44  6:11  SCV  
  45  6:15  SCV  
  46  6:20  Marine, Supply Depot  
  46  6:21  Marine  
  46  6:23  SCV  
  49  6:27  SCV  
  50  6:33  Starport  
  50  6:35  SCV  
  50  6:36  Terran Infantry Armor Level 1  
  50  6:38  Siege Tank  
  50  6:39  SCV  
  55  6:47  SCV  
  55  6:51  SCV  
  54  6:54  Combat Shields  
  54  6:56  Medivac  
  54  6:58  Marine x2, Marauder  
  54  6:59  SCV, Marine  
  59  7:03  SCV  
  60  7:11  SCV  
  60  7:12  Siege Tank  
  64  7:17  Barracks Tech Lab  
  64  7:20  Marauder  
  66  7:26  Medivac  
  66  7:28  Medivac  
  70  7:30  SCV x2  
  70  7:32  Marine x2  
  74  7:40  Marauder  
  74  7:41  Marauder  
  74  7:42  SCV x2  
  80  7:49  Marine  
  80  7:50  Marine  
  82  7:54  SCV  
  82  7:55  SCV  
  84  8:01  Marauder  
  84  8:02  Marauder  
  88  8:06  SCV  
  88  8:07  SCV, Marine  
  88  8:10  Command Center  
  88  8:12  Refinery  
  91  8:14  Refinery  
  91  8:22  Marauder  
  91  8:23  Marine  
  94  8:35  Armory  
  94  8:41  Barracks  
  94  8:49  Missile Turret  
  94  8:53  Supply Depot  
  94  8:54  Supply Depot  
  94  8:58  Supply Depot  
  94  9:03  Marine  
  94  9:04  Marine, Marauder  
  94  9:06  Marine  
  90  9:30  Supply Depot  
Show
View Real Time Build Order
Export as new Build Order

DaWeed Terran 

Build Orders:  

Get SALT Encoding   

Show
View Real Time Build Order
Export as new Build Order

Alsaw Terran 

Build Orders:  

Get SALT Encoding   

Tags
 
Add a new tag
Caveats
  • Supply blocks, unpowered buildings, or Contaminate may cause inaccurate times.
  • Supply counts are checked every 10 seconds.